 Dungeon Sprint DCSS version 0.31-a0-841-g038b102fc3 (webtiles) character file.

Game seed: 17941465209888245124

20 sircluck the Ruffian (level 2, 0/31 HPs)
             Began as a Troll Berserker on Sept 27, 2023.
             Was a Believer of Trog.
             Slain by a gnoll sergeant
             ... wielding a +0 spear
              (10 damage)
             ... in the Dungeon (Sprint VII: "The Pits").
             The game lasted 00:00:13 (25 turns).

sircluck the Ruffian (Troll Berserker)                Turns: 25, Time: 00:00:13

Health: 0/31       AC:  4    Str: 24    XL:     2   Next: 58%
Magic:  1/1        EV: 10    Int:  3    God:    Trog [**....]
Gold:   0          SH:  0    Dex:  9    Spells: 1/1 levels left

rFire   . .          .
                       - Unarmed
rCold   . . .        (no shield)
rNeg    . . .        a - +0 animal skin
rPois   .            (helmet restricted)
rElec   .            (no cloak)
rCorr   .            (gloves unavailable)
SInv    .            (boots unavailable)
Will    .....        (no amulet)
Stlth   +            (no ring)
HPRegen 1.05/turn    (no ring)
MPRegen 0.07/turn

%: no teleportation
@: on berserk cooldown, slowed, very slow
A: large, unfitting armour, claws 3, regeneration 1, shaggy fur 1, tough skin 1
a: Renounce Religion, Berserk, Trog's Hand


You were in the Dungeon.
You worshipped Trog.
Trog was pleased with you.
You visited 1 branch

Inventory:

Armour
 a - a +0 animal skin (worn)
Scrolls
 g - a scroll of blinking
Potions
 b - a potion of curing
 c - a potion of heal wounds
 d - a potion of haste
 e - 2 potions of magic
 f - a potion of berserk rage


   Skills:
 + Level 3.5 Fighting
 + Level 3.5 Dodging
 + Level 4.2 Unarmed Combat


You had one spell level left.
You didn't know any spells.
Your spell library was empty.

Dungeon Overview and Level Annotations

Branches:
Dungeon (1/1)

Altars:


Innate Abilities, Weirdness & Mutations

You are too large for most types of armour.
You have claws for hands.
Your natural rate of healing is unusually fast.
You are covered in fur. (AC +1)
You have tough skin. (AC +1)


Message History

There is a huge open gate to the Metal Vault (Medium), spattered with blood here.
Things that are here:
a +0 club; a +0 flail You miss the deep elf zephyrmancer.
You scratch the deep elf zephyrmancer.
The deep elf zephyrmancer is lightly wounded.
The gnoll sergeant hits you from afar with a +0 spear!
The deep elf zephyrmancer hits you with a +0 dagger.
You claw the deep elf zephyrmancer!
The deep elf zephyrmancer is moderately wounded.
You are no longer berserk.
You are exhausted.
You feel yourself slow down.
The deep elf zephyrmancer gestures wildly while chanting.
The deep elf zephyrmancer blinks!
The deep elf pyromancer mumbles some strange words.
The deep elf pyromancer blinks!
The gnoll sergeant closely misses you.
Unknown command.
The gnoll closely misses you.
The gnoll sergeant hits you with a +0 spear!
There is a huge open gate to the Metal Vault (Medium) here.
You closely miss the gnoll. The gnoll hits you but does no damage.
The gnoll sergeant hits you but does no damage.
The gnoll sergeant hits you with a +0 spear.
The gnoll closely misses you.
You barely miss the gnoll. The gnoll barely misses you.
The gnoll sergeant closely misses you.
You closely miss the gnoll. You claw the gnoll.
The gnoll is heavily wounded.
The gnoll barely misses you.
The gnoll sergeant hits you with a +0 spear!
The deep elf pyromancer mumbles some strange words.
The deep elf pyromancer blinks!
You claw the gnoll!
You kill the gnoll!
Trog accepts your kill.
You can now call upon Trog for regeneration and willpower.
The deep elf zephyrmancer hits you with a +0 dagger.
The gnoll sergeant hits you with a +0 spear!
You die...

##########++######
#................#
#......#..#......#
#................+
+................+
#....e.#e.#......#
#................#
####'#####e'######
#.......##@'#
#.......##g)..#
#.......##...##
#...<...##..##
#.......##..#
#.......##..+
#.......##.##
############


You could see a deep elf pyromancer, a deep elf zephyrmancer and a gnoll
sergeant.

Vanquished Creatures
  3 gnolls (D)
3 creatures vanquished.

Notes
Turn   | Place    | Note
-------+----------+-------------------------------------------
     0 | D        | sircluck the Troll Berserker began the quest for the Orb.
     0 | D        | Reached XP level 1. HP: 22/22 MP: 0/0
    11 | D        | Noticed a gnoll sergeant
    11 | D        | Noticed a deep elf zephyrmancer
    11 | D        | Noticed a deep elf pyromancer
    16 | D        | Reached XP level 2. HP: 31/31 MP: 1/1
    17 | D        | Reached skill level 4 in Unarmed Combat
    25 | D        | Reached ** piety under Trog
    25 | D        | Slain by a gnoll sergeant

Illustrated notes

Levels and vault maps discovered:
D:        pitsprint [storerooms_1, entrance_room_1, metal_vault_7, armoury_3,
          mini_pit_1, grid_room_1, main_hall_1, silver_pit, the_coven_2,
          the_vestibule_1, steel_vault_3, golden_pit, hallway_of_sentries,
          crystal_vault_5, iron_vault_2, final_vault]

Skill      XL: |  1  2 |
---------------+-------+-----
Fighting       | 3 |  3.5
Dodging        | 3 |  3.5
Unarmed Combat | 4 |  4.2

Action                     || total
---------------------------++-------
  Melee: Unarmed           ||     9
         Punch             ||     1
 Invoke: Berserk           ||     1
 Armour: Animal skin       ||     9
  Dodge: Dodged            ||     6

Table legend: (Time is in decaauts)
 A = Elapsed time spent in this place.
 B = Non-inter-level travel time spent in this place.
 C = Inter-level travel time spent in this place.
 D = Time resting spent in this place.
 E = Time spent auto-exploring this place.
 F = Levels seen in this place.
 G = Mean time per level.
                   A        B        C        D        E       F      G
               +--------+--------+--------+--------+--------+-----+--------+
         Total |     23 |     23 |      0 |      0 |     11 |   1 |   23.0 |
       Dungeon |     23 |     23 |      0 |      0 |     11 |   1 |   23.0 |
               +--------+--------+--------+--------+--------+-----+--------+

Top non-repeatable levels by time:
       D: 23 daAuts
